 Dungeon Crawl Stone Soup version 0.18-a0-1649-g8d9735b (webtiles) character file.

552 namelastname112 the Chopper (level 7, 52/59 HPs)
             Began as a Mottled Draconian Gladiator on Mar 29, 2016.
             Quit the game on level 5 of the Dungeon.
             The game lasted 00:05:43 (4469 turns).

namelastname112 the Chopper (DrGl)                  Turns: 4469, Time: 00:05:43

Health: 52/59      AC:  7    Str: 17    XL:     7   Next: 8%
Magic:  7/7        EV: 13    Int:  9    God:
Gold:   224        SH:  0    Dex: 13    Spells: 0 memorised, 6 levels left

rFire  + . .     SeeInvis .     a - +0 war axe
rCold  . . .     Gourm    .     (armour unavailable)
rNeg   . . .     Faith    .     (no shield)
rPois  .         Spirit   .     b - +0 hat
rElec  .         Dismiss  .     (no cloak)
rCorr  .         Reflect  .     (no gloves)
SustAt .         Harm     .     v - +0 pair of boots
MR     .....                    (no amulet)
Stlth  ++........               n - ring of protection from fire
                                g - ring of stealth

@: not resistant to hostile enchantments, unstealthy
A: breathe sticky flame splash, unfitting armour, cold-blooded, AC +6
a: Breathe Sticky Flame


You were on level 5 of the Dungeon.
You were hungry.

You visited 1 branch of the dungeon, and saw 5 of its levels.

You collected 224 gold pieces.

Inventory:

Hand Weapons
 a - a +0 war axe (weapon)
Missiles
 c - 3 throwing nets (quivered)
Armour
 b - a +0 hat (worn)
 v - a +0 pair of boots (worn)
Jewellery
 g - a ring of stealth (left hand)
 n - a ring of protection from fire (right hand)
Scrolls
 e - a scroll of amnesia {unknown}
 h - a scroll of immolation {unknown}
 j - 3 scrolls of identify {unknown}
 k - 5 scrolls of remove curse {unknown}
 m - 2 scrolls of teleportation {unknown}
 o - 2 scrolls of fear {unknown}
 p - 3 scrolls of blinking {unknown}
 q - a scroll of enchant weapon {unknown}
 t - a scroll of random uselessness {unknown}
 x - 3 scrolls of enchant armour {unknown}
 y - a scroll of noise {unknown}
Potions
 i - a potion of heal wounds {unknown}
 r - a potion of berserk rage {unknown}
 s - a potion of curing
 u - a potion of beneficial mutation {unknown}
Comestibles
 d - 5 bread rations
 f - 4 meat rations
 l - 5 fruits
 w - a slice of pizza
 z - a beef jerky


   Skills:
 + Level 4.1 Fighting
 * Level 5.8 Axes
 + Level 3.3 Throwing
 + Level 4.0 Dodging


You had 6 spell levels left.
You didn't know any spells.

Dungeon Overview and Level Annotations

Branches:
Dungeon (5/15)
 Temple: D:4-7

Altars:
Pakellas

Annotations:
D:3 Cenon's ghost, novice OgFE
D:5 Dowan; Duvessa


Innate Abilities, Weirdness & Mutations

You can spit globs of burning liquid.
You can ignite nearby creatures when you spit burning liquid.
Your weird mottled scales are hard (AC +6).
Your body does not fit into most forms of armour.
You are cold-blooded and may be slowed by cold attacks.


Message History

You closely miss the scorpion.
You tail-slap the scorpion, but do no damage.
The scorpion barely misses you.
You hit the scorpion.
Your tail-slap misses the scorpion.
The scorpion is moderately wounded.
The scorpion stings you!
You hit the scorpion.
The scorpion is moderately wounded.
The scorpion completely misses you. x2
You closely miss the scorpion.
The scorpion is moderately wounded.
The scorpion barely misses you.
You slash the scorpion!
You kill the scorpion!
Your Dodging skill increases to level 4!
You have reached level 7!
Your scales start taking on a weird mottled colour.
You learn Fire Magic quicker.
You can spit globs of burning liquid.
You can ignite nearby creatures when you spit burning liquid.
Are you sure you want to abandon this character and quit the game? (Confirm with "yes".)

## ######+###
#..###...##...######
#...=..............#
............@†.....#
...###'###+#####..#
+###...##...###
...............#
...............#
#...###..##.....#
#...####+##...### ##
....#........##...###..#
....#..................+


There were no monsters in sight!

Vanquished Creatures
  2 phantoms (D:4)
  A black bear (D:4)
  A scorpion (D:5)
  A howler monkey (D:4)
  A worker ant (D:4)
  4 gnolls (D:4)
  4 adders
  An adder skeleton (D:4)
  A worm (D:4)
  2 dart slugs
  2 giant geckos
  7 orcs (D:4)
  5 bats
  5 giant cockroaches
  11 hobgoblins
  A quokka (D:3)
  A ball python (D:3)
  2 giant newts
  15 goblins
  13 kobolds
  A quokka skeleton (D:4)
  6 rats
87 creatures vanquished.

Notes
Turn   | Place    | Note
--------------------------------------------------------------
     0 | D:1      | namelastname112 the Draconian Gladiator began the quest for the Orb.
     0 | D:1      | Reached XP level 1. HP: 17/17 MP: 1/1
   659 | D:1      | Reached XP level 2. HP: 21/25 MP: 2/2
  1451 | D:2      | Reached XP level 3. HP: 18/30 MP: 3/3
  2006 | D:3      | Noticed Cenon's ghost (novice OgFE)
  2060 | D:3      | Found an oddly glowing altar of Pakellas.
  2114 | D:3      | Reached XP level 4. HP: 32/37 MP: 4/4
  2153 | D:3      | Reached skill level 4 in Axes
  2186 | D:3      | Found an oddly glowing altar of Pakellas.
  3103 | D:4      | Reached XP level 5. HP: 45/45 MP: 5/5
  3125 | D:4      | Noticed a phantom
  3152 | D:4      | Noticed a black bear
  3389 | D:4      | Killed a phantom
  3432 | D:4      | Killed a black bear
  3432 | D:4      | Reached skill level 5 in Axes
  3432 | D:4      | Reached XP level 6. HP: 5/51 MP: 6/6
  4391 | D:5      | Entered Level 5 of the Dungeon
  4391 | D:5      | Noticed Duvessa
  4391 | D:5      | Noticed Dowan
  4468 | D:5      | Your scales start taking on a weird mottled colour.
  4468 | D:5      | Reached XP level 7. HP: 51/59 MP: 7/7
  4469 | D:5      | Quit the game

Vault maps used:
D:1:      dpeg_arrival_chase
D:2:      minmay_misc_feat_roman, grunt_decor_one_mirror
D:3:      nicolae_overflow_hidden_temple, serial_park_tiny_pond,
          grunt_pakellas_salt
D:4:      corexii_shantytown, first_bread
D:5:      grunt_temple_overflow_open, grunt_dithmenos_smoke_and_mirrors,
          cheibrodos_worm_habitat, uniq_duvessa

Skill      XL: |  1  2  3  4  5  6 |
---------------+-------------------+-----
Throwing       | 2 3 |  3.3
Dodging        | 3 4 |  4.0
Axes           | 4 5 |  5.8
Fighting       | 3 4 |  4.1

Action                   |  1- 3 |  4- 6 |  7- 9 || total
-------------------------+-------+-------+-------++-------
Melee: War axe           |   104 |   160 |       ||   264
Throw: Throwing net      |     1 |     1 |       ||     2
  Use: Potion            |     2 |       |       ||     2
 Stab: Sleeping          |     5 |     8 |       ||    13
  Eat: Chunk             |     4 |     5 |       ||     9
       Pizza             |       |     1 |       ||     1
